 Dungeon Crawl Stone Soup version 0.31.0-32-g396128a36d (webtiles) character file.

Game seed: 8847398208076056579

847 KittyFluff the Changeling (level 7, -3/66 HPs)
             Began as a Troll Shapeshifter on Apr 10, 2024.
             Slain by a gnoll sergeant
             ... wielding a +0 trident
              (6 damage)
             ... on level 6 of the Dungeon.
             The game lasted 00:13:56 (3394 turns).

KittyFluff the Changeling (Troll Shapeshifter)      Turns: 3394, Time: 00:14:00

Health: -3/66      AC:  5    Str: 25    XL:     7   Next: 68%
Magic:  6/6        EV: 10    Int:  6    God:
Gold:   413        SH:  0    Dex:  9    Spells: 6/6 levels left

rFire   + .          .
                       - Unarmed
rCold   . . .        (no shield)
rNeg    . . .        y - +1 robe
rPois   .            (helmet currently unavailable)
rElec   .            (cloak currently unavailable)
rCorr   .            (gloves unavailable)
SInv    .            (boots unavailable)
Will    .....        (no amulet)
Stlth   +            o - ring of protection from fire
HPRegen 1.11/turn    (no ring)
MPRegen 0.10/turn

%: no passive effects
@: beast-form
A: beast (slay +2), large, unfitting armour, claws 3, regeneration 1, shaggy fur
1, tough skin 1
a: Begin Untransformation


You were on level 6 of the Dungeon.
You were a hulking beast.
You visited 1 branch of the dungeon, and saw 6 of its levels.

You collected 413 gold pieces.

Inventory:

Hand Weapons
 a - a +0 sling
 j - a +3 spear
 u - a +2 mace of protection
Missiles
 f - 46 stones (quivered)
 g - 9 poisoned darts
 r - 3 boomerangs
 x - 5 datura-tipped darts
Armour
 y - a +1 robe (worn)
Jewellery
 o - a ring of protection from fire (left claw)
Talismans
 c - a beast talisman
 d - a flux talisman
Scrolls
 h - 2 scrolls of torment
 i - a scroll of identify {unknown}
 m - a scroll of enchant armour
 n - a scroll of summoning {unknown}
 s - a scroll of revelation {unknown}
 t - a scroll of blinking {unknown}
 v - a scroll of immolation {unknown}
Potions
 b - a potion of lignification
 k - a potion of mutation {unknown}
 l - a potion of attraction
 p - a potion of enlightenment {unknown}
 q - a potion of brilliance {unknown}


   Skills:
 + Level 2.8 Fighting
 + Level 2.8 Throwing
 + Level 2.1 Armour
 + Level 3.1 Dodging
 + Level 4.4 Unarmed Combat
 * Level 5.0 Shapeshifting


You had 6 spell levels left.
You didn't know any spells.
Your spell library was empty.

Dungeon Overview and Level Annotations

Branches:
Dungeon (6/15)
 Temple: D:4-7

Altars:
Elyvilon
Nemelex Xobeh
Vehumet


Innate Abilities, Weirdness & Mutations

You are a hulking beast.
Your limbs bulge with bestial killing power. (Slay +2)
You are too large for most types of armour.
You have claws for hands.
Your natural rate of healing is unusually fast.
You are covered in fur. (AC +1)
You have tough skin. (AC +1)


Message History

A gnoll sergeant comes into view. It is wielding a +0 trident.
Found a stone staircase leading down.
You claw the gnoll!
The gnoll is almost dead.
A gnoll comes into view.
It is wielding a +3 flail of holy wrath.
An ogre comes into view. It is wielding a +0 giant club.
A gnoll comes into view. It is wielding a +0 flail.
Found a scroll labelled DOLOHI QECWI.
The gnoll shouts!
The gnoll hits you with a +3 flail of holy wrath!
The gnoll misses you. The gnoll hits you with a +0 spear.
The gnoll hits you with a +0 club.
The gnoll sergeant hits you from afar with a +0 trident.
There is an open door, spattered with blood here.
As you read the scroll labelled ZEICEDE RYDD, it crumbles to dust.
It is a scroll of enchant armour.
Your +0 robe glows green for a moment.
The gnoll barely misses you. The gnoll hits you with a +0 flail!
The gnoll sergeant hits you from afar with a +0 trident!
The gnoll hits you with a +3 flail of holy wrath.
The gnoll barely misses you.
As you read the scroll labelled OMYWNA YTOECUPN, it crumbles to dust.
It is a scroll of enchant weapon.
Your +1 mace of protection glows red for a moment.
An adder comes into view.
The gnoll hits you with a +3 flail of holy wrath.
The gnoll hits you with a +0 flail.
* * * LOW HITPOINT WARNING * * *
The gnoll hits you with a +0 club.
* * * LOW HITPOINT WARNING * * *
The gnoll sergeant hits you from afar with a +0 trident!
* * * LOW HITPOINT WARNING * * *
The gnoll closely misses you.
The air fills with toxic fumes!
As you read the scroll labelled QIOGUL ILOTOE, it crumbles to dust.
It was a scroll of poison.
The gnoll hits you with a +0 spear.
* * * LOW HITPOINT WARNING * * *
The gnoll barely misses you. x2
The gnoll sergeant hits you from afar with a +0 trident.
You die...

....# §§##§§§ ######
...### §§§§§§§ #....#
#.... §§§§§§ #..§.#
#.... §S§§§ '.§§.#
#....
#§§§#####§§§.####....
#§§g#§§§§####.....###
#§§g#§§§§# #.....#
#§ggh§O§§# #.....#
#§§g#g§§§# #.....#
#####§§§§# #.....#
#§§§§## #.....###
#§§§§§# ####....#
#####§§§§§# #....#
#....§§§§§# #....#
#....§§§§§# #....#
#.........# #....#


You could see an ogre, a gnoll sergeant, 5 gnolls and an adder.

Vanquished Creatures
  Duvessa (D:5)
  A black bear (D:5)
  An ogre (D:4)
  A phantom (D:5)
  2 bullfrogs
  2 scorpions (D:5)
  Dowan (D:5)
  A jelly (D:5)
  A sleepcap (D:6)
  An iguana (D:5)
  5 adders
  2 dart slugs
  3 ribbon worms
  7 orcs
  3 bats
  2 endoplasms (D:3)
  4 giant cockroaches
  6 goblins
  8 hobgoblins
  5 quokkas
  7 ball pythons
  4 frilled lizards
  4 kobolds
  11 rats
83 creatures vanquished.

Notes
Turn   | Place    | Note
-------+----------+-------------------------------------------
     0 | D:1      | KittyFluff the Troll Shapeshifter began the quest for the
                  | Orb.
     0 | D:1      | Reached XP level 1. HP: 18/18 MP: 0/0
   293 | D:1      | Reached skill level 1 in Fighting
   371 | D:1      | Reached XP level 2. HP: 27/27 MP: 1/1
   961 | D:2      | Reached XP level 3. HP: 28/33 MP: 2/2
  1041 | D:2      | Found a faded altar of an unknown god.
  1365 | D:3      | Reached skill level 1 in Throwing
  1607 | D:3      | Reached XP level 4. HP: 41/41 MP: 3/3
  2138 | D:4      | Noticed an ogre
  2148 | D:4      | Killed an ogre
  2149 | D:4      | Reached skill level 1 in Armour
  2149 | D:4      | Reached XP level 5. HP: 32/49 MP: 4/4
  2217 | D:4      | Reached skill level 4 in Shapeshifting
  2218 | D:4      | Reached XP level 6. HP: 21/57 MP: 5/5
  2467 | D:5      | Entered Level 5 of the Dungeon
  2495 | D:5      | Found a white marble altar of Elyvilon.
  2647 | D:5      | Noticed Duvessa
  2648 | D:5      | Noticed Dowan
  2666 | D:5      | Killed Duvessa
  2667 | D:5      | Reached XP level 7. HP: 24/66 MP: 6/6
  2674 | D:5      | Killed Dowan
  2923 | D:5      | Found a sparkling altar of Nemelex Xobeh.
  2931 | D:5      | Found a radiant altar of Vehumet.
  3111 | D:5      | Reached skill level 5 in Shapeshifting
  3394 | D:6      | HP: 3/66 [gnoll/+0 spear[a gnoll sergeant] (5)]
  3394 | D:6      | Slain by a gnoll sergeant

Illustrated notes

Levels and vault maps discovered:
D:1:      kilobyte_arrival_exit_the_forest, layout_rooms,
          chequers_serial_rivers_small_a, chequers_avenue,
          minmay_rat_gold_closets
D:2:      layout_basic, nicolae_ecumenical_lake_church
D:3:      layout_basic, grunt_ministairs_9, serial_bayou_pond_b
D:4:      layout_rooms, dreamdust_princess_corridor, serial_bayou_ford_a,
          dreamdust_princess_bridge
D:5:      layout_basic, mainiacjoe_overflow_chevrons,
          amethyst_overflow_temple_binary, chequers_serial_rivers_marsh,
          uniq_duvessa
D:6:      layout_gridville, minmay_temple_entry_gardened_gates,
          kennysheep_generic_room_15, uniq_pikel, uniq_blork_the_orc

Skill      XL: |  1  2  3  4  5  6  7 |
---------------+----------------------+-----
Fighting       | 1 2 |  2.8
Dodging        | 2 3 |  3.1
Throwing       | 1 2 |  2.8
Armour         | 1 2 |  2.1
Shapeshifting  | 4 5 |  5.0
Unarmed Combat | 4 |  4.4

Action                     |  1- 3 |  4- 6 |  7- 9 || total
---------------------------+-------+-------+-------++-------
  Melee: Unarmed           |    85 |   102 |    21 ||   208
         Punch             |     3 |     3 |     2 ||     8
  Throw: Stone             |       |     3 |     1 ||     4
    Use: Potion            |       |     1 |       ||     1
         Scroll            |       |       |     4 ||     4
   Stab: Sleeping          |     4 |       |       ||     4
 Armour: Animal skin       |    47 |    45 |       ||    92
         Robe              |       |    26 |    24 ||    50
  Dodge: Dodged            |    29 |    36 |    14 ||    79
